 Dungeon Crawl Stone Soup version 0.29.1-15-g9cfb28693d (webtiles) character file.

Game seed: 9124814775497020976

23 vishdafish the Conjurer (level 2, -3/19 HPs)
             Began as a Demonspawn Conjurer on Mar 29, 2023.
             Shot with a sling bullet by a hobgoblin (6 damage)
             ... on level 2 of the Dungeon.
             The game lasted 00:01:00 (1072 turns).

vishdafish the Conjurer (Demonspawn Conjurer)       Turns: 1072, Time: 00:01:00

Health: -3/19      AC:  9    Str:  7    XL:     2   Next: 75%
Magic:  4/5        EV: 12    Int: 19    God:
Gold:   28         SH:  0    Dex: 11    Spells: 5/6 levels left

rFire   . . .      SeeInvis .   i - +2 dagger (protect)
rCold   . . .      Faith    .   (no shield)
rNeg    . . .      Spirit   .   a - +0 robe
rPois   .          Reflect  .   (no helmet)
rElec   .          Harm     .   (no cloak)
rCorr   .          Rampage  .   (no gloves)
Will    .....                   (no boots)
Stlth   ++........              (no amulet)
HPRegen 0.06/turn               (no ring)
MPRegen 0.09/turn               (no ring)

@: under a protective aura
A: demonic touch 1
a: no special abilities


You were on level 2 of the Dungeon.
You visited 1 branch of the dungeon, and saw 2 of its levels.

You collected 28 gold pieces.

Inventory:

Hand Weapons
 h - a +0 spear
 i - a +2 dagger of protection (weapon)
Armour
 a - a +0 robe (worn)
Magical Staves
 f - a staff of death
Wands
 l - a wand of mindburst (16)
Scrolls
 c - a scroll of magic mapping {unknown}
 j - a scroll of teleportation {unknown}
 k - a scroll of fog {unknown}
Potions
 b - a potion of magic
 d - a potion of curing {unknown}
 e - 2 potions of lignification {unknown}
 g - a potion of mutation {unknown}


   Skills:
 - Level 1.7 Dodging
 - Level 1.7 Stealth
 + Level 2.6 Spellcasting
 + Level 4.4 Conjurations


You had 5 spell levels left.
You knew the following spells:

 Your Spells              Type           Power      Damage    Failure   Level
a - Magic Dart            Conj           76%        1d6       2%          1

Your spell library contained the following spells:

 Spells                   Type           Power      Damage    Failure   Level
 Searing Ray              Conj           38%        2d5       3%          2
 Dazzling Flash           Conj/Hex       20%        N/A       19%         3
 Fulminant Prism          Conj/Hex       5%         3d7       54%         4
 Iskenderun's Mystic Bla  Conj/Tloc      10%        2d4       54%         4


Dungeon Overview and Level Annotations

Branches:
Dungeon (2/15)

Altars:


Innate Abilities, Weirdness & Mutations

Your touch may inflict minor irresistible damage on your foes.


Message History

You barely miss the adder.
The adder is moderately wounded.
The adder bites you but does no damage.
You closely miss the adder.
The adder is moderately wounded.
The adder closely misses you.
The hobgoblin shoots a sling bullet.
The sling bullet closely misses you.
You hit the adder. Your touch misses the adder.
The adder is heavily wounded.
The adder bites you but does no damage. x2
The hobgoblin shoots a sling bullet.
The sling bullet barely misses you.
You closely miss the adder.
The adder is heavily wounded.
The adder barely misses you.
The hobgoblin shoots a sling bullet.
The sling bullet hits you!
* * * LOW HITPOINT WARNING * * *
You are too injured to fight recklessly!
You are too injured to fight recklessly!
You are too injured to fight recklessly!
You are too injured to fight recklessly!
You are too injured to fight recklessly!
You are too injured to fight recklessly!
You are too injured to fight recklessly!
You are too injured to fight recklessly!
You are too injured to fight recklessly!
You are too injured to fight recklessly!
You are too injured to fight recklessly!
You are too injured to fight recklessly!
You are too injured to fight recklessly!
You are too injured to fight recklessly!
You are too injured to fight recklessly!
You are too injured to fight recklessly!
Aiming: Magic Dart (safe; 2% risk of failure)
Press: ? - help, Q - select action, (/) - cycle Shift-Dir - straight line, f - adder
Aim: an adder (heavily wounded, 100% to hit)
The magic dart hits the adder.
The adder is heavily wounded.
The adder barely misses you.
The hobgoblin shoots a sling bullet.
The sling bullet hits you.
You die...

#.#....# #......#
###.####
#####.#####
#.........#
....###..##.# ##
#..##.#####
##..###...S......
.........@#.###
##..##$†.## #
..........g.#
#####..g####
##.## #.# #.# #+#


You could see an adder and a hobgoblin.

Vanquished Creatures
  A worm (D:2)
  4 bats
  2 endoplasms (D:1)
  2 hobgoblins
  2 jackals (D:1)
  A ball python (D:1)
  3 frilled lizards
  3 goblins
  A kobold (D:1)
  A rat (D:1)
20 creatures vanquished.

Notes
Turn   | Place    | Note
-------+----------+-------------------------------------------
     0 | D:1      | vishdafish the Demonspawn Conjurer began the quest for the
                  | Orb.
     0 | D:1      | Reached XP level 1. HP: 13/13 MP: 3/3
   331 | D:1      | Gained mutation: Your touch may inflict minor irresistible
                  | damage on your foes. [demonic ancestry]
   331 | D:1      | Reached XP level 2. HP: 16/19 MP: 1/5
  1072 | D:2      | Shot with a sling bullet by a hobgoblin

Illustrated notes

Levels and vault maps discovered:
D:1:      lightli_arrival_maybe_door_vault, layout_loops_cross
D:2:      layout_loops_corners, uniq_sigmund

Action                   || total
-------------------------++-------
Melee: Unarmed           ||    12
       Dagger            ||    17
       Spear             ||     6
       Touch             ||     4
 Cast: Magic Dart        ||    13
 Stab: Sleeping          ||     3
       Distracted        ||     1
Armor: Robe              ||    10
Dodge: Dodged            ||    25
